 Dungeon Crawl Stone Soup version 0.27-a0-668-gb5737ff2c0 (webtiles) character file.

Game seed: 11414704047660745202

51 kreisler the Sneak (level 3, 0/24 HPs)
             Began as an Octopode Brigand on Mar 18, 2021.
             Slain by a leopard gecko (3 damage)
             ... on level 2 of the Dungeon.
             The game lasted 00:03:17 (1198 turns).

kreisler the Sneak (Octopode Brigand)               Turns: 1198, Time: 00:03:18

Health: 0/24       AC:  1    Str:  9 (10) XL:     3   Next: 81%
Magic:  3/3        EV: 12    Int: 12 (13) God:
Gold:   57         SH:  0    Dex: 11 (14) Spells: 2/2 levels left

rFire    . . .     SeeInvis .   a - +2 dagger
rCold    . . .     Faith    .   (no shield)
rNeg     . . .     Spirit   .   (helmet restricted)
rPois    .         Reflect  .   (no amulet)
rElec    .         Harm     .   (no ring)
rCorr    .         Rampage  .   (no ring)
Will     .....                  (no ring)
Stlth    ++++......             (no ring)
HPRegen  0.08/turn              (no ring)
MPRegen  0.08/turn              (no ring)
                                (no ring)
                                (no ring)

@: no status effects
A: almost no armour, amphibious, 8 rings, camouflage 1, gelatinous body 1,
nimble swimmer 1, tentacles
a: no special abilities


You were on level 2 of the Dungeon.
You visited 1 branch of the dungeon, and saw 2 of its levels.

You collected 57 gold pieces.

Inventory:

Hand Weapons
 a - a +2 dagger (weapon)
Missiles
 b - 8 poisoned darts (quivered)
 c - 2 curare-tipped darts
Scrolls
 d - a scroll of fog
 e - a scroll of amnesia
 k - a scroll of identify
Potions
 f - a potion of resistance
 g - a potion of ambrosia
 i - a potion of lignification


   Skills:
 + Level 2.0 Fighting
 + Level 2.1 Short Blades
 + Level 2.0 Throwing
 + Level 1.0 Dodging
 + Level 7.2 Stealth


You had 2 spell levels left.
You didn't know any spells.
Your spell library was empty.

Dungeon Overview and Level Annotations

Branches:
Dungeon (2/15)

Altars:


Innate Abilities, Weirdness & Mutations

You cannot wear most types of armour.
You are amphibious.
You can wear up to eight rings at the same time.
Your skin changes colour to match your surroundings (Stealth+).
Your rubbery body absorbs attacks. (AC +1, EV +1)
You are stealthy while swimming. (Stealth+)
You have tentacles for arms and can constrict up to eight enemies at once.


Message History

Jessica is lightly wounded.
You constrict Jessica, but do no damage.
Jessica misses you. The leopard gecko bites you.
The frilled lizard barely misses you. The giant cockroach barely misses you.
You hit Jessica but do no damage.
Jessica is lightly wounded.
You constrict Jessica, but do no damage.
The leopard gecko misses you. Jessica gestures at you while chanting.
You resist with some effort. The frilled lizard bites you.
The giant cockroach bites you but does no damage.
You hit Jessica.
Jessica is heavily wounded.
You constrict Jessica. The leopard gecko misses you.
Jessica casts a spell.
Jessica struggles to blink free from constriction.
The giant cockroach barely misses you. The frilled lizard misses you.
You hit Jessica but do no damage.
Jessica is severely wounded.
You constrict Jessica. The leopard gecko bites you. Jessica barely misses you.
The giant cockroach misses you.
The frilled lizard completely misses you.
You hit Jessica but do no damage.
Jessica is almost dead.
You constrict Jessica.
You kill Jessica!
The leopard gecko barely misses you. The giant cockroach bites you.
The frilled lizard bites you.
* * * LOW HITPOINT WARNING * * *
You feel your intelligence returning.
Your Stealth skill increases to level 7!
You hit the frilled lizard.
You kill the frilled lizard!
The leopard gecko barely misses you. The giant cockroach bites you.
* * * LOW HITPOINT WARNING * * *
The leopard gecko closely misses you. The giant cockroach bites you.
* * * LOW HITPOINT WARNING * * *
The leopard gecko bites you.
You die...

..
#########.#
.......#.#
#.....#.#
#.@l..#.#
#.B...#.#
#..†..#.#
#.......#
#.....#.#
#.....#.####
#.....#....#
#.....#.##.#
#.....#.##.#


You could see a leopard gecko and a giant cockroach.

Vanquished Creatures
  Jessica (D:2)
  An ooze (D:1)
  2 dart slugs (D:1)
  A giant cockroach (D:1)
  2 goblins (D:1)
  2 hobgoblins (D:1)
  3 bats (D:1)
  2 frilled lizards (D:2)
  3 kobolds (D:1)
  A rat (D:1)
18 creatures vanquished.

Notes
Turn   | Place    | Note
-------+----------+-------------------------------------------
     0 | D:1      | kreisler the Octopode Brigand began the quest for the Orb.
     0 | D:1      | Reached XP level 1. HP: 14/14 MP: 1/1
   185 | D:1      | Reached skill level 6 in Stealth
   185 | D:1      | Reached XP level 2. HP: 19/19 MP: 2/2
   778 | D:1      | Reached XP level 3. HP: 24/24 MP: 3/3
  1182 | D:2      | Noticed Jessica
  1196 | D:2      | Killed Jessica
  1197 | D:2      | Reached skill level 7 in Stealth
  1198 | D:2      | Slain by a leopard gecko

Illustrated notes

Levels and vault maps discovered:
D:1:      dpeg_arrival_rooms_c, layout_basic, serial_aquarium,
          aquarium_bridge_square [aquarium_subvault_window,
          aquarium_subvault_wall, aquarium_subvault_bridge,
          aquarium_subvault_bridge], aquarium_bridge_square
          [aquarium_subvault_bridge, aquarium_subvault_bridge,
          aquarium_subvault_wall, aquarium_subvault_window],
          aquarium_window_fake, aquarium_window_1, aquarium_view_2d,
          aquarium_view_2d, aquarium_pool_corner
D:2:      layout_basic, makhleb_blood_cavern_becter, uniq_jessica

Skill      XL: |  1  2  3 |
---------------+----------+-----
Stealth        | 6 7 |  7.2
Fighting       | |  2.0
Short Blades   | |  2.1
Throwing       | |  2.0
Dodging        | |  1.0

Action                   || total
-------------------------++-------
Melee: Dagger            ||    33
       Constrict         ||     4
       Tentacles         ||     4
  Use: Scroll            ||     4
       Potion            ||     3
 Stab: Sleeping          ||    10
Armor: Skin              ||     2
Dodge: Dodged            ||    24

Table legend: (Time is in decaauts)
 A = Elapsed time spent in this place.
 B = Non-inter-level travel time spent in this place.
 C = Inter-level travel time spent in this place.
 D = Time resting spent in this place.
 E = Time spent auto-exploring this place.
 F = Levels seen in this place.
 G = Mean time per level.
                   A        B        C        D        E       F      G
               +--------+--------+--------+--------+--------+-----+--------+
         Total |   1194 |   1194 |      0 |     27 |   1006 |   2 |  597.0 |
       Dungeon |   1194 |   1194 |      0 |     27 |   1006 |   2 |  597.0 |
               +--------+--------+--------+--------+--------+-----+--------+

Top non-repeatable levels by time:
     D:1: 1060 daAuts
     D:2: 133 daAuts
